 Dungeon Crawl Stone Soup version 0.29-a0-322-g68df515428 (webtiles) character file.

Game seed: 13678932246931683547

52 zishaf the Chiller (level 3, -6/27 HPs)
             Began as a Barachi Ice Elementalist on Apr 5, 2022.
             Mangled by a gnoll
             ... wielding a +0 whip
              (8 damage)
             ... on level 2 of the Dungeon.
             The game lasted 00:01:54 (1713 turns).

zishaf the Chiller (Barachi Ice Elementalist)       Turns: 1713, Time: 00:01:54

Health: -6/27      AC:  2    Str:  9    XL:     3   Next: 85%
Magic:  0/7        EV: 12    Int: 17    God:
Gold:   80         SH:  0    Dex: 12    Spells: 7/8 levels left

rFire   . . .      SeeInvis .   e - +0 dagger
rCold   . . .      Faith    .   (no shield)
rNeg    . . .      Spirit   .   a - +0 robe
rPois   .          Reflect  .   (no helmet)
rElec   .          Harm     .   (no cloak)
rCorr   +          Rampage  .   (no gloves)
Will    .....                   (no boots)
Stlth   ++........              (no amulet)
HPRegen 0.09/turn               g - ring of resist corrosion
MPRegen 0.10/turn               (no ring)

@: unable to hop, slow
A: amphibious, slowness 1, strong legs 1, +LOS
a: Hop


You were on level 2 of the Dungeon.
You visited 1 branch of the dungeon, and saw 2 of its levels.

You collected 80 gold pieces.

Inventory:

Hand Weapons
 e - a +0 dagger (weapon)
Armour
 a - a +0 robe (worn)
Jewellery
 g - a ring of resist corrosion (left hand)
Scrolls
 c - a scroll of summoning {unknown}
 d - a scroll of fear {unknown}
Potions
 b - a potion of magic
 f - a potion of heal wounds {unknown}


   Skills:
 + Level 2.2 Fighting
 - Level 2.1 Dodging
 - Level 1.7 Stealth
 + Level 3.0 Spellcasting
 + Level 5.4 Ice Magic


You had 7 spell levels left.
You knew the following spells:

 Your Spells              Type           Power      Damage    Failure   Level
a - Freeze                Ice            80%        1d9       1%          1

Your spell library contained the following spells:

 Spells                   Type           Power      Damage    Failure   Level
 Frozen Ramparts          Ice            40%        1d6       6%          3
 Ozocubu's Armour         Ice            20%        N/A       6%          3
 Hailstorm                Conj/Ice       11%        3d5       50%         4
 Passage of Golubria      Tloc           2%         N/A       86%         4
 Silence                  Hex/Air        1%         N/A       99%         5
 Lehudib's Crystal Spear  Conj/Erth      1%         10d2      100%        8


Dungeon Overview and Level Annotations

Branches:
Dungeon (2/15)

Altars:


Innate Abilities, Weirdness & Mutations

You are amphibious.
You cover ground slowly.
You can hop short distances.
You have an extended range of vision and can be seen from far away.


Message History

Aiming: Freeze (safe; 1% risk of failure)
Press: ? - help, Shift-Dir - straight line, f/p - quokka
Aim: a quokka (heavily wounded)
You freeze the quokka!
You kill the quokka!
You see here a hobgoblin corpse.
The gnoll attacks as you move away! The gnoll hits you with a +0 whip.
* * * LOW HITPOINT WARNING * * *
The gnoll misses you.
Casting: Freeze (safe; 1% risk of failure)
Confirm with . or Enter, or press ? or * to list all spells.
Aiming: Freeze (safe; 1% risk of failure)
Press: ? - help, Shift-Dir - straight line, f - gnoll
Aim: a gnoll, wielding a +0 whip You freeze the gnoll!
The gnoll is heavily wounded.
The gnoll hits you with a +0 whip.
* * * LOW HITPOINT WARNING * * *
Casting: Freeze (safe; 1% risk of failure)
Confirm with . or Enter, or press ? or * to list all spells.
Aiming: Freeze (safe; 1% risk of failure)
Press: ? - help, Shift-Dir - straight line, f/p - gnoll
Aim: a gnoll, wielding a +0 whip (heavily wounded)
You freeze the gnoll!
You kill the gnoll!
The gnoll misses you.
Your Spellcasting skill increases to level 3!
Casting: Freeze (safe; 1% risk of failure)
Confirm with . or Enter, or press ? or * to list all spells.
Aiming: Freeze (safe; 1% risk of failure)
Press: ? - help, Shift-Dir - straight line, f - gnoll
Aim: a gnoll, wielding a +0 whip You freeze the gnoll!
The gnoll is heavily wounded.
The gnoll completely misses you.
Unknown command.
You barely miss the gnoll.
The gnoll is heavily wounded.
The gnoll hits you with a +0 whip!
You die...

#....>.....# #. #........### #.
#........# #. ### #........# #.
..# #........### #. ..#
#........... ... ..###########
#........#### ####
............###...........# ##
........†....#.)@...<.....# #.
...####..#.†...g..........######.
≈≈≈≈≈≈#..##................... ..
...####..###.......>.........###.
.)....#### ##....................
.gg...# #...................#
......# #.......†............
......# #.........<...##......
......# #.............#.......


You could see a gnoll.

Vanquished Creatures
  2 gnolls (D:2)
  A dart slug (D:1)
  2 worms (D:2)
  4 endoplasms (D:1)
  A giant cockroach (D:2)
  A goblin (D:2)
  3 hobgoblins
  4 quokkas
  A bat (D:1)
  4 frilled lizards
  A kobold (D:2)
  3 rats
27 creatures vanquished.

Vanquished Creatures (others)
  9 toadstools (D:2)
9 creatures vanquished.

Grand Total: 36 creatures vanquished

Notes
Turn   | Place    | Note
-------+----------+-------------------------------------------
     0 | D:1      | zishaf the Barachi Ice Elementalist began the quest for the
                  | Orb.
     0 | D:1      | Reached XP level 1. HP: 13/13 MP: 3/3
   367 | D:1      | Reached skill level 5 in Ice Magic
   400 | D:1      | Reached skill level 1 in Fighting
   400 | D:1      | Reached XP level 2. HP: 10/21 MP: 1/5
  1308 | D:2      | Found a faded altar of an unknown god.
  1314 | D:2      | Reached XP level 3. HP: 5/27 MP: 1/7
  1713 | D:2      | Mangled by a gnoll

Illustrated notes

Levels and vault maps discovered:
D:1:      dpeg_arrival_arbitrary_a, layout_basic, corexii_hall_statues_i
D:2:      cheibrodos_fertilizer, layout_rooms,
          ebering_ecumenical_altar_abandoned, chequers_serial_rivers_micro_b,
          wad_orctagon

Skill      XL: |  1  2  3 |
---------------+----------+-----
Ice Magic      | 5 |  5.4
Fighting       | 1 2 |  2.2
Spellcasting   | 3 |  3.0
Dodging        | |  2.1
Stealth        | |  1.7

Action                   || total
-------------------------++-------
Melee: Unarmed           ||     8
       Dagger            ||    15
 Cast: Freeze            ||    42
 Abil: Hop               ||     1
Armor: Robe              ||     3
Dodge: Dodged            ||    32

Table legend: (Time is in decaauts)
 A = Elapsed time spent in this place.
 B = Non-inter-level travel time spent in this place.
 C = Inter-level travel time spent in this place.
 D = Time resting spent in this place.
 E = Time spent auto-exploring this place.
 F = Levels seen in this place.
 G = Mean time per level.
                   A        B        C        D        E       F      G
               +--------+--------+--------+--------+--------+-----+--------+
         Total |   1866 |   1823 |     43 |     83 |   1527 |   2 |  933.0 |
       Dungeon |   1866 |   1823 |     43 |     83 |   1527 |   2 |  933.0 |
               +--------+--------+--------+--------+--------+-----+--------+

Top non-repeatable levels by time:
     D:1: 1267 daAuts
     D:2: 599 daAuts
